 Dungeon Crawl Stone Soup version 0.23.2-1-ga50397a (webtiles) character file.

Game seed: 1365027192458548372

27 troglodite the Firebug (level 2, 0/19 HPs)
             Began as a Demonspawn Fire Elementalist on May 15, 2019.
             Succumbed to an adder's poison
             ... on level 2 of the Dungeon.
             The game lasted 00:04:03 (1159 turns).

troglodite the Firebug (DsFE)                       Turns: 1159, Time: 00:04:03

Health: 0/19       AC:  5    Str:  8    XL:     2   Next: 93%
Magic:  3/5        EV: 12    Int: 21    God:
Gold:   30         SH:  0    Dex: 11    Spells: 2/5 levels left

rFire    . . .     SeeInvis .   d - +0 dagger
rCold    + . .     Gourm    .   (no shield)
rNeg     . . .     Faith    .   a - +0 robe
rPois    .         Spirit   .   (helmet restricted)
rElec    .         Reflect  .   (no cloak)
rCorr    .         Harm     .   (no gloves)
MR       .....                  e - +2 pair of boots
Stlth    ++........             (no amulet)
HPRegen  0.46/turn              (no ring)
MPRegen  0.09/turn              (no ring)

@: brilliant, lethally poisoned (0 -> -1)
A: antennae 1, clumsy 1, cold resistance 1, regeneration 1
a: no special abilities


You were on level 2 of the Dungeon.
You were hungry.

You visited 1 branch of the dungeon, and saw 2 of its levels.

You collected 30 gold pieces.

Inventory:

Hand Weapons
 d - a +0 dagger (weapon)
Armour
 a - a +0 robe (worn)
 e - a +2 pair of boots (worn)
Scrolls
 f - a scroll of amnesia {unknown}
 g - a scroll of blinking {unknown}
 h - 2 scrolls of fear {unknown}
 j - a scroll of teleportation {unknown}
 k - a scroll of identify {unknown}
Comestibles
 b - a chunk of flesh
 c - a ration


   Skills:
 * Level 0.7 Short Blades
 * Level 2.1 Dodging
 + Level 1.8 Stealth
 * Level 2.2 Spellcasting
 * Level 1.2 Conjurations
 * Level 3.1 Fire Magic


You had 2 spell levels left.
You knew the following spells:

 Your Spells              Type           Power        Failure   Level  Hunger
a - Flame Tongue          Conj/Fire      ###..        1%          1    #......
b - Throw Flame           Conj/Fire      ###...       1%          2    ##.....

Your spell library contained the following spells:

 Spells                   Type           Power        Failure   Level  Hunger
 Conjure Flame            Conj/Fire      ###.....     2%          3    ###....
 Inner Flame              Hex/Fire       ###.....     2%          3    ###....
 Sticky Flame             Conj/Fire      ###.....     7%          4    #####..
 Fireball                 Conj/Fire      ###.......   17%         5    ######.


Dungeon Overview and Level Annotations

Branches:
Dungeon (2/15)

Altars:


Innate Abilities, Weirdness & Mutations

You have a pair of small antennae on your head.
You are clumsy. (Dex -2)
Your flesh is cold resistant. (rC+)
Your natural rate of healing is unusually fast.


Message History

The adder is severely wounded.
The adder bites you but does no damage.
You barely miss the adder.
The adder is severely wounded.
You feel sick. The adder bites you.
* * * LOW HITPOINT WARNING * * *
You are more poisoned.
The adder poisons you! The adder bites you but does no damage.
It was a potion of mutation.
You feel extremely strange.
You feel less in control of your magic.
You feel nature experimenting on you.
Don't worry, failures die fast.
* * * LOW HITPOINT WARNING * * *
You feel sick. The adder barely misses you.
It was a potion of brilliance.
You feel clever all of a sudden. The adder closely misses you.
You feel extremely strange.
You regain control of your magic.
Nature stops experimenting on you.
You feel clumsy.
You feel resistant to cold.
You begin to heal more quickly.
You die...

.....>...+
........##
........# .......
...?. ..( #l# #S#
#@# #########.#
#.......(.#
#.######### #.# #.#
#.#
#.#################
#.................#


You could see an adder and a frilled lizard.

Vanquished Creatures
  An ooze (D:1)
  A giant cockroach (D:1)
  A goblin (D:1)
  6 hobgoblins (D:1)
  A ball python (D:2)
  5 bats (D:1)
  A frilled lizard (D:2)
  4 kobolds
  2 rats (D:1)
22 creatures vanquished.

Notes
Turn   | Place    | Note
-------+----------+-------------------------------------------
     0 | D:1      | troglodite the Demonspawn Fire Elementalist began the quest
                  | for the Orb.
     0 | D:1      | Reached XP level 1. HP: 13/13 MP: 3/3
   238 | D:1      | Gained mutation: You have a pair of small antennae on your
                  | head. [demonic ancestry]
   238 | D:1      | Reached XP level 2. HP: 13/19 MP: 3/5
   358 | D:1      | Reached skill level 3 in Fire Magic
   362 | D:1      | Learned a level 2 spell: Throw Flame
  1157 | D:2      | Gained mutation: Your spells are a little harder to cast,
                  | but a little more powerful. [potion of mutation]
  1157 | D:2      | Gained mutation: You evolve. [potion of mutation]
  1159 | D:2      | Lost mutation: Your spells are a little harder to cast, but
                  | a little more powerful. [potion of mutation]
  1159 | D:2      | Lost mutation: You evolve. [potion of mutation]
  1159 | D:2      | Gained mutation: You are clumsy. (Dex -2) [potion of
                  | mutation]
  1159 | D:2      | Gained mutation: Your flesh is cold resistant. (rC+)
                  | [potion of mutation]
  1159 | D:2      | Gained mutation: Your natural rate of healing is unusually
                  | fast. [potion of mutation]
  1159 | D:2      | Succumbed to an adder's poison

Skill      XL: |  1  2 |
---------------+-------+-----
Fire Magic     | 3 |  3.1
Dodging        | 2 |  2.1
Short Blades   | |  0.7
Stealth        | |  1.8
Spellcasting   | |  2.2
Conjurations   | |  1.2

Action                   || total
-------------------------++-------
Melee: Dagger            ||    49
       Unarmed           ||     4
 Cast: Flame Tongue      ||    10
       Throw Flame       ||    11
  Use: Potion            ||     3
  Eat: Chunk             ||     1
Armor: Robe              ||    14
Dodge: Dodged            ||    42
